 Dungeon Sprint DCSS version 0.27.1-33-g824d729ab1 (webtiles) character file.

Game seed: 17123613895247475161

2354 Hipnos the Fighter (level 9, -1/103 HPs)
             Began as a Gargoyle Berserker on Dec 2, 2021.
             Was an Elder of Trog.
             Slain by a lindwurm (6 damage)
             ... in the Dungeon (Sprint I: "Red Sonja").
             The game lasted 00:03:14 (865 turns).

Hipnos the Fighter (Gargoyle Berserker)              Turns: 865, Time: 00:03:15

Health: -1/103     AC: 17    Str: 24    XL:     9   Next: 44%
Magic:  9/9        EV: 11    Int:  8    God:    Trog [****..]
Gold:   366        SH:  0    Dex:  9    Spells: 8/8 levels left

rFire    . . .     SeeInvis .   j - +6 club
rCold    . . .     Faith    .   (no shield)
rNeg     + . .     Spirit   .   k - +0 scale mail
rPois    ∞         Reflect  .   (no helmet)
rElec    +         Harm     .   l - +2 cloak
rCorr    .         Rampage  .   (no gloves)
Will     .....     NoTele   +   (no boots)
Stlth    ..........             m - amulet of magic regeneration
HPRegen  0.27/turn              (no ring)
MPRegen  0.36/turn              (no ring)

@: berserking, very quick
A: sickness immunity, AC +6, negative energy resistance 1, electricity
resistance, torment resistance 1, petrification resistance
a: Renounce Religion, Berserk, Trog's Hand, Brothers in Arms


You were in the Dungeon.
You worshipped Trog.
Trog was greatly pleased with you.
You visited 1 branch You collected 486 gold pieces.
You spent 120 gold pieces at shops.

Inventory:

Hand Weapons
 a - a +0 mace
 j - a +6 club (weapon)
Armour
 b - a +0 animal skin
 k - a +0 scale mail (worn)
 l - a +2 cloak (worn)
Jewellery
 m - an amulet of magic regeneration (around neck)
Wands
 i - a wand of polymorph (1)
Scrolls
 h - a scroll of blinking
 n - a scroll of fear {unknown}
Potions
 c - a potion of curing
 d - a potion of heal wounds
 e - a potion of haste
 f - 2 potions of magic
 g - a potion of berserk rage


   Skills:
 * Level 14.0 Fighting
 * Level 13.9 Maces & Flails
 + Level 7.8 Armour
 + Level 5.0 Dodging
 + Level 1.1 Unarmed Combat


You had 8 spell levels left.
You didn't know any spells.
Your spell library was empty.

Dungeon Overview and Level Annotations

Branches:
Dungeon (1/1)

Altars:
Cheibriados
Dithmenos
Elyvilon
Fedhas
Gozag
Hepliaklqana
Kikubaaqudgha
Makhleb
Nemelex Xobeh
Okawaru
Qazlal
Ru
Sif Muna
Trog
Uskayaw
Vehumet
Wu Jian
Xom
Yredelemnul
Zin
The Shining One
Jiyva
Lugonu

Shops:
D *


Innate Abilities, Weirdness & Mutations

You are immune to sickness and miasma.
Your stone body is resilient. (AC +6)
You are immune to poison.
You resist negative energy. (rN+)
You are resistant to electric shocks. (rElec)
You are resistant to unholy torment.
You are immune to petrification.


Message History

You now have 312 gold pieces (gained 27).
Your ogre rages.
You now have 339 gold pieces (gained 27).
Found 27 gold pieces.
You now have 366 gold pieces (gained 27).
A lindwurm comes into view.
The lindwurm roars!
Your ogre is no longer berserk.
The lindwurm breathes flames at you. The blast of flame misses you.
You see here 27 gold pieces.
You swap places.
Okay, then.
The lindwurm bites your ogre. The lindwurm claws your ogre.
The lindwurm claws your ogre! The lindwurm bites your ogre.
The lindwurm claws your ogre.
Your ogre dies!
Your ogre's corpse disappears in a puff of smoke!
A red film seems to cover your vision as you go berserk!
You feel yourself moving faster!
You feel mighty!
You sock the lindwurm!
The lindwurm is moderately wounded.
The lindwurm bites you.
The lindwurm claws you but does no damage.
The lindwurm claws you.
* * * LOW HITPOINT WARNING * * *
You hit the lindwurm.
The lindwurm is moderately wounded.
You hit the lindwurm.
The lindwurm is moderately wounded.
The lindwurm breathes flames at you. The blast of flame hits you!!
* * * LOW HITPOINT WARNING * * *
You sock the lindwurm!
The lindwurm is heavily wounded.
You sock the lindwurm!
The lindwurm is severely wounded.
The lindwurm bites you but does no damage.
The lindwurm closely misses you. The lindwurm claws you.
You die...

#####################
..#__#..')..#.)#§k§.+
..'..'..#)..##'#@####
#'#__####...†..#§#
#(#### #####§§§§# #[#
#+#### _.+ ._# #'#
#.# ###


You could see a lindwurm.

Vanquished Creatures
  Sonja (D)
  2 kobold demonologists (D)
  A slime creature (D)
  A yak (D)
  Sigmund (D)
  A floating eye (D)
  An ogre (D)
  A jelly (D)
  Ijyb (D)
10 creatures vanquished.

Vanquished Creatures (collateral kills)
  4 demonic crawlers (D)
4 creatures vanquished.

Grand Total: 14 creatures vanquished

Notes
Turn   | Place    | Note
-------+----------+-------------------------------------------
     0 | D        | Hipnos the Gargoyle Berserker began the quest for the Orb.
     0 | D        | Reached XP level 1. HP: 14/14 MP: 1/1
     1 | D        | Noticed Ijyb
    15 | D        | Killed Ijyb
    16 | D        | Reached skill level 5 in Fighting
    16 | D        | Reached XP level 2. HP: 17/21 MP: 2/2
    16 | D        | Reached XP level 3. HP: 22/26 MP: 3/3
   155 | D        | Noticed an ogre
   161 | D        | Killed an ogre
   162 | D        | Reached skill level 6 in Fighting
   162 | D        | Reached XP level 4. HP: 32/32 MP: 4/4
   224 | D        | Noticed Sigmund
   230 | D        | Killed Sigmund
   230 | D        | Reached ** piety under Trog
   231 | D        | Reached skill level 9 in Fighting
   231 | D        | Reached XP level 5. HP: 41/41 MP: 5/5
   231 | D        | Reached XP level 6. HP: 46/46 MP: 6/6
   246 | D        | Found an ornate altar of the Wu Jian Council.
   246 | D        | Found a shimmering blue altar of Sif Muna.
   248 | D        | Found a radiant altar of Vehumet.
   422 | D        | Found Pergh's Assorted Antiques.
   422 | D        | Found an ancient bone altar of Kikubaaqudgha.
   422 | D        | Found a hazy altar of Hepliaklqana.
   422 | D        | Found a stormy altar of Qazlal.
   422 | D        | Found a hide-covered altar of Uskayaw.
   422 | D        | Found a blossoming altar of Fedhas.
   422 | D        | Found a bloodstained altar of Trog.
   422 | D        | Found an iron altar of Okawaru.
   422 | D        | Found a basalt altar of Yredelemnul.
   422 | D        | Found a glowing golden altar of the Shining One.
   422 | D        | Found a snail-covered altar of Cheibriados.
   422 | D        | Found a sacrificial altar of Ru.
   422 | D        | Found a glowing silver altar of Zin.
   422 | D        | Found a shadowy altar of Dithmenos.
   422 | D        | Found a white marble altar of Elyvilon.
   422 | D        | Noticed a yak
   430 | D        | Killed a yak
   431 | D        | Reached skill level 10 in Fighting
   431 | D        | Reached skill level 10 in Maces & Flails
   431 | D        | Found an opulent altar of Gozag.
   432 | D        | Found a sparkling altar of Nemelex Xobeh.
   436 | D        | Bought a dented cameo amulet for 120 gold pieces
   469 | D        | Found a burning altar of Makhleb.
   469 | D        | Found a viscous altar of Jiyva.
   469 | D        | Found a shimmering altar of Xom.
   469 | D        | Found a corrupted altar of Lugonu.
   469 | D        | Noticed a slime creature
   480 | D        | Killed a slime creature
   480 | D        | Reached *** piety under Trog
   481 | D        | Reached skill level 11 in Fighting
   481 | D        | Reached skill level 5 in Armour
   481 | D        | Reached XP level 7. HP: 50/54 MP: 7/7
   587 | D        | Noticed a kobold demonologist
   591 | D        | Noticed a kobold demonologist
   597 | D        | Killed a kobold demonologist
   598 | D        | Reached skill level 12 in Fighting
   598 | D        | Reached XP level 8. HP: 60/60 MP: 8/8
   604 | D        | Killed a kobold demonologist
   604 | D        | Reached **** piety under Trog
   650 | D        | Noticed Sonja
   668 | D        | Killed Sonja
   669 | D        | Reached skill level 13 in Fighting
   669 | D        | Reached skill level 1 in Unarmed Combat
   669 | D        | Reached XP level 9. HP: 37/68 MP: 9/9
   809 | D        | Noticed a demonic crawler
   809 | D        | Noticed a demonic crawler
   809 | D        | Noticed a demonic crawler
   809 | D        | Noticed a demonic crawler
   813 | D        | Killed a demonic crawler
   820 | D        | Killed a demonic crawler
   826 | D        | Killed a demonic crawler
   832 | D        | Killed a demonic crawler
   833 | D        | Reached skill level 14 in Fighting
   833 | D        | Reached skill level 5 in Dodging
   856 | D        | Noticed a lindwurm
   863 | D        | HP: 5/103 [lindwurm/blast of flame (25)]
   865 | D        | Slain by a lindwurm

Illustrated notes

Levels and vault maps discovered:
D:        dungeon_sprint_1 [red_sonja_temple_1, red_sonja_temple_small_1]

Skill      XL: |  1  2  3  4  5  6  7  8  9 |
---------------+----------------------------+-----
Fighting       | 5 6 9 11 12 13 14 | 14.0
Maces & Flails | 4 6 8 10 11 13 | 13.9
Dodging        | 2 3 4 5 |  5.0
Armour         | 3 4 5 7 |  7.8
Unarmed Combat | 1 |  1.1

Action                   |  1- 3 |  4- 6 |  7- 9 || total
-------------------------+-------+-------+-------++-------
Melee: Mace              |    11 |       |       ||    11
       Unarmed           |     1 |       |       ||     1
       Club              |     5 |    23 |    52 ||    80
       Punch             |       |       |     1 ||     1
Invok: Berserk           |     2 |     3 |     3 ||     8
       Trog's Hand       |       |       |     1 ||     1
       Brothers in Arms  |       |       |     2 ||     2
Armor: Scale mail        |       |     1 |    46 ||    47
Dodge: Dodged            |     5 |     5 |    29 ||    39
